 Dungeon Crawl Stone Soup version 0.29.1-12-g30fa7ad0bf (webtiles) character file.

Game seed: 11686837430146483913

30 wormed the Shooter (level 3, -1/18 HPs)
             Began as a Spriggan Hunter on Dec 28, 2022.
             Frozen to death by an endoplasm (4 damage)
             ... on level 2 of the Dungeon.
             The game lasted 00:03:25 (1246 turns).

wormed the Shooter (Spriggan Hunter)                Turns: 1246, Time: 00:03:26

Health: -1/18      AC:  2    Str:  7    XL:     3   Next: 5%
Magic:  4/4        EV: 18    Int: 10    God:
Gold:   30         SH:  0    Dex: 20    Spells: 2/2 levels left

rFire   . . .      SeeInvis +   a - +0 shortbow
rCold   . . .      Faith    .   (shield currently unavailable)
rNeg    . . .      Spirit   .   c - +0 robe
rPois   .          Reflect  .   (helmet restricted)
rElec   .          Harm     .   (no cloak)
rCorr   .          Rampage  .   (gloves unavailable)
Will    .....                   (boots unavailable)
Stlth   ++........              (no amulet)
HPRegen 0.06/turn               (no ring)
MPRegen 0.09/turn               (no ring)

@: very quick
A: very small, no large weapons, unfitting armour, see invisible, speed 3
a: no special abilities


You were on level 2 of the Dungeon.
You visited 1 branch of the dungeon, and saw 2 of its levels.

You collected 30 gold pieces.

Inventory:

Hand Weapons
 a - a +0 shortbow (weapon)
Armour
 c - a +0 robe (worn)
Jewellery
 f - a ring of ice
Scrolls
 b - a scroll of immolation
 e - 2 scrolls of fear {unknown}
 g - a scroll of vulnerability {unknown}
Potions
 d - a potion of heal wounds {unknown}


   Skills:
 + Level 1.9 Fighting
 * Level 4.4 Ranged Weapons
 + Level 3.2 Dodging
 + Level 2.4 Stealth
 + Level 0.1 Spellcasting


You had 2 spell levels left.
You didn't know any spells.
Your spell library contained the following spells:

 Spells                   Type           Power      Damage    Failure   Level
 Blink                    Tloc           0%         N/A       50%         2
 Frozen Ramparts          Ice            0%         1d1       75%         3
 Ice Form                 Ice/Tmut       0%         N/A       98%         4
 Summon Ice Beast         Ice/Summ       0%         N/A       98%         4
 Manifold Assault         Tloc           0%         N/A       100%        5
 Storm Form               Tmut/Air       0%         N/A       100%        7


Dungeon Overview and Level Annotations

Branches:
Dungeon (2/15)

Altars:

Shops:
D:1 *


Innate Abilities, Weirdness & Mutations

You are very small and have problems with some larger weapons.
You are too small for most types of armour.
You have supernaturally acute eyesight. (SInv)
You cover ground extremely quickly. (Speed+++)


Message History

A scorpion comes into view.
The scorpion moves out of view.
You shoot an arrow. The arrow hits the scorpion.
The scorpion is lightly wounded.
You shoot an arrow.
The arrow hits the scorpion but does no damage.
The scorpion is lightly wounded.
You see here a +0 flail.
You shoot an arrow. The arrow barely misses the scorpion.
You shoot an arrow. The arrow hits the scorpion!
The scorpion is heavily wounded.
You shoot an arrow.
The arrow hits the scorpion but does no damage.
The scorpion is heavily wounded.
You shoot an arrow. The arrow closely misses the scorpion.
The scorpion stings you.
You are poisoned.
The scorpion poisons you!
You feel sick.
You feel sick.
You feel sick.
You feel sick.
You feel sick.
You feel sick.
You feel sick.
You feel sick.
You feel sick.
An endoplasm comes into view.
You feel sick.
You feel sick.
You feel sick.
You are no longer poisoned.
The endoplasm quivers.
Really walk into that dispersal trap?
You enter a dispersal trap!
The scorpion blinks!
You blink.
Really walk into that dispersal trap?
You enter a dispersal trap!
You blink.
The endoplasm freezes you.
You are frozen.
You die...

..#.#.#
###.#.#######
########.#.#...s.#
.........#.#s###.#
#########..#.#.#
#.#
#..........#.#.#
#.#
#...s#.#..##.#.#
#.#
#####.#.#...s...#
#.#
#...@J..§..##.###
#.#
#§###.#.#.....#
#.#
#.###.#.#.#####
#.# #..<....#..
#.# ###.#..)....#
#.# ...#...†...#
#)# ...###.###.###
####.# ...#. #.#
[.... ..#.# .. #
#.# ..... #.#.#


You could see a scorpion and an endoplasm.

Vanquished Creatures
  A worm (D:2)
  2 ball pythons (D:1)
  A giant cockroach (D:1)
  7 goblins
  4 hobgoblins (D:1)
  A quokka (D:1)
  3 bats (D:1)
  2 frilled lizards
  2 kobolds (D:1)
  2 rats (D:1)
25 creatures vanquished.

Vanquished Creatures (others)
  3 fungi (D:1)
  A plant (D:1)
4 creatures vanquished.

Grand Total: 29 creatures vanquished

Notes
Turn   | Place    | Note
-------+----------+-------------------------------------------
     0 | D:1      | wormed the Spriggan Hunter began the quest for the Orb.
     0 | D:1      | Reached XP level 1. HP: 10/10 MP: 2/2
   252 | D:1      | Reached XP level 2. HP: 15/15 MP: 3/3
   373 | D:1      | Found Umyra's Assorted Antiques.
  1007 | D:1      | Found a faded altar of an unknown god.
  1101 | D:2      | Reached XP level 3. HP: 18/18 MP: 4/4
  1197 | D:2      | Noticed a scorpion
  1246 | D:2      | Frozen to death by an endoplasm

Illustrated notes

Levels and vault maps discovered:
D:1:      giann_horns, layout_basic, serial_shops, nicolae_shop_trees,
          shapermc_ecumenical_altar_hornbeckon, patterned_corridor
D:2:      layout_basic, uniq_terence

Skill      XL: |  1  2 |
---------------+-------+-----
Stealth        | 2 |  2.4
Dodging        | 3 |  3.2
Fighting       | |  1.9
Ranged Weapons | |  4.4
Spellcasting   | |  0.1

Action                   || total
-------------------------++-------
 Fire: Shortbow          ||    85
Armor: Robe              ||     2
Dodge: Dodged            ||    11
